 Dungeon Crawl Stone Soup version 0.29.1-12-g30fa7ad0bf (webtiles) character file.

Game seed: 15047319831581610967

3 FaviusArthum the Grave Robber (level 1, 13/13 HPs)
             Began as a Human Necromancer on Jan 5, 2023.
             Quit the game on level 1 of the Dungeon.
             The game lasted 00:00:31 (59 turns).

FaviusArthum the Grave Robber (Human Necromancer)     Turns: 59, Time: 00:00:32

Health: 13/13      AC:  2    Str:  8    XL:     1   Next: 55%
Magic:  1/3        EV: 12    Int: 15    God:
Gold:   0          SH:  0    Dex: 13    Spells: 3/4 levels left

rFire   . . .      SeeInvis .   (no weapon)
rCold   . . .      Faith    .   (no shield)
rNeg    . . .      Spirit   .   a - +0 robe
rPois   .          Reflect  .   (no helmet)
rElec   .          Harm     .   (no cloak)
rCorr   .          Rampage  .   (no gloves)
Will    .....                   (no boots)
Stlth   ++........              (no amulet)
HPRegen 0.04/turn               (no ring)
MPRegen 0.08/turn               (no ring)

@: no status effects
A: no striking features
a: no special abilities


You were on level 1 of the Dungeon.
You visited 1 branch of the dungeon, and saw 1 of its levels.

Inventory:

Hand Weapons
 e - a +0 dagger
Armour
 a - a +0 robe (worn)
Scrolls
 c - a scroll of teleportation {unknown}
Potions
 b - a potion of magic
 d - a potion of ambrosia {unknown}


   Skills:
 + Level 2.0 Dodging
 + Level 2.0 Stealth
 + Level 2.0 Spellcasting
 + Level 4.1 Necromancy


You had 3 spell levels left.
You knew the following spells:

 Your Spells              Type           Power      Damage    Failure   Level
a - Necrotise             Necr           56%        1d6       4%          1

Your spell library contained the following spells:

 Spells                   Type           Power      Damage    Failure   Level
 Vampiric Draining        Necr           14%        2d7       12%         3
 Animate Dead             Necr           14%        N/A       36%         4
 Agony                    Necr           14%        N/A       73%         5


Dungeon Overview and Level Annotations

Branches:
Dungeon (1/15)

Altars:


Message History

Press: ? - help, Shift-Dir - straight line, f - goblin
Aim: a goblin, wielding a +0 dagger (chance to affect: 83%)
The goblin writhes in agony.
Casting: Necrotise (safe; 4% risk of failure)
Confirm with . or Enter, or press ? or * to list all spells.
Aiming: Necrotise (safe; 4% risk of failure)
Press: ? - help, Shift-Dir - straight line, f/p - goblin
Aim: a goblin, wielding a +0 dagger (heavily wounded, chance to affect: 83%)
The goblin writhes in agony.
You kill the goblin!
The dead are walking!
Casting: Necrotise (safe; 4% risk of failure)
Confirm with . or Enter, or press ? or * to list all spells.
Aiming: Necrotise (safe; 4% risk of failure)
Press: ? - help, Shift-Dir - straight line, f - goblin
Aim: a goblin, wielding a +0 dagger (asleep, ally target, chance to affect: 83%)
The goblin writhes in agony.
You kill the goblin!
The dead are walking!
d - a sedimented white potion You see here a +0 dagger.
e - a +0 dagger Your goblin skeleton crumbles into dust!
You open the door.
A bat comes into view.
Found a scroll labelled COR ZIZ XIUDDU.
Casting: Necrotise (safe; 4% risk of failure)
Confirm with . or Enter, or press ? or * to list all spells.
Aiming: Necrotise (safe; 4% risk of failure)
Press: ? - help, Shift-Dir - straight line, f - bat
Aim: a bat (asleep, chance to affect: 83%)
The bat writhes in agony.
You kill the bat!
The dead are flying!
Found a scroll labelled COR ZIZ XIUDDU and 10 gold pieces.
There is an open door here.
A rat comes into view.
You see here a scroll labelled COR ZIZ XIUDDU.
Okay, then.
Are you sure you want to abandon this character and quit the game? (Confirm with "yes".)

###
######.######
#.. ...#..# #
#.# #.#.##
#.##.#####...#
#......Z....##
####.#####.##
#.# #.#
.#######Z##
#.#
r......@..#
#.#
........Z.#
#.#
..........#
#..
..........+
...
..?.......#
...........
........$.##
..........#


You could see a rat (asleep), a friendly bat skeleton and a friendly goblin
skeleton.

Vanquished Creatures
  A bat (D:1)
  2 goblins (D:1)
3 creatures vanquished.

Notes
Turn   | Place    | Note
-------+----------+-------------------------------------------
     0 | D:1      | FaviusArthum the Human Necromancer began the quest for the
                  | Orb.
     0 | D:1      | Reached XP level 1. HP: 13/13 MP: 3/3
    59 | D:1      | Quit the game

Illustrated notes

Levels and vault maps discovered:
D:1:      elethiomel_arrival_shortcut, layout_basic,
          hellmonk_ecumenical_altar_watching_god

Action                   || total
-------------------------++-------
 Cast: Necrotise         ||     4
